AoeStats
← jeifel

Arabia

509457120Analyzed
1v1 RM · 7d ago on Sep 26, 2026· 55m 3s· 2 players
Game mode
Random Map
Map size
Tiny (2 player)
Population
200
Speed
Normal
Resources
Standard
Victory
Conquest
Starting age
Dark Age
Ending age
Imperial Age
RankedLock teamsTeams togetherTeam positionsShared explorationLock speedFull tech treeHidden civsTurbo modeCheats
Victory
Defeat
🇺🇸 Franks · United States
870
+17
🇨🇱 Inca · Chile
893
-17
jeifel
5:50 Loom
10:14 Feudal Age
11:34 Double-Bit Axe
16:49 Gold Mining
21:07 Castle Age
21:48 Light Cavalry
22:28 Husbandry
22:41 Forging
22:31 Scale Mail Armor
22:37 Scale Barding Armor
22:22 Fletching
22:33 Padded Archer Armor
23:54 Gold Mining
26:30 Bodkin Arrow
26:51 Leather Archer Armor
30:45 Iron Casting
30:25 Chain Mail Armor
30:31 Chain Barding Armor
31:44 Wheelbarrow
36:24 Imperial Age
34:39 Hand Cart
37:26 Ballistics
36:46 Treadmill Crane
38:17 Bow Saw
41:40 Heavy Mounted Crossbowman
41:40 Cranequins
43:23 Blast Furnace
42:54 Plate Mail Armor
42:59 Plate Barding Armor
44:07 Murder Holes
45:13 Chemistry
44:25 Masonry
47:36 Conscription
50:48 Gold Shaft Mining
50:03 Stone Mining
Primus Legatus
3:53 Loom
9:57 Feudal Age
10:59 Double-Bit Axe
13:26 Horse Collar
17:17 Wheelbarrow
22:32 Castle Age
21:50 Stone Mining
22:47 Forging
23:45 Squires
24:27 Stone Shaft Mining
24:39 Bow Saw
25:11 Iron Casting
24:39 Scale Mail Armor
26:36 Heavy Plow
26:29 Gold Mining
27:01 Chain Mail Armor
28:46 Padded Archer Armor
32:39 Fletching
36:50 Leather Archer Armor
39:57 Elite Skirmisher
52:14 Imperial Age
50:03 Hand Cart
50:27 Thumb Ring
55:12 Plate Mail Armor
Connection lost

Rejoining the realm…

Still unreachable

The connection could not be restored.

Session expired

The server has moved on; the page needs a fresh start.